 Dungeon Crawl Stone Soup version 0.31.0-32-g396128a36d (webtiles) character file.

Game seed: 1537817638011063771

245 Curundu the Chopper (level 5, -1/72 HPs)
             Began as a Minotaur Berserker on Apr 1, 2024.
             Was a Believer of Trog.
             Slain by Pikel
             ... wielding a +0 whip of flaming
              (10 damage)
             ... on level 4 of the Dungeon.
             The game lasted 00:06:16 (2516 turns).

Curundu the Chopper (Minotaur Berserker)            Turns: 2516, Time: 00:06:32

Health: -1/72      AC:  3    Str: 24    XL:     5   Next: 83%
Magic:  4/4        EV: 12    Int:  4    God:    Trog [**....]
Gold:   208        SH:  0    Dex:  9    Spells: 4/4 levels left

rFire   . . .        m - +1 hand axe (flame)
rCold   . . .        (no shield)
rNeg    . . .        b - +0 animal skin
rPois   .            (helmet restricted)
rElec   .            (no cloak)
rCorr   .            l - +0 pair of gloves
SInv    .            (no boots)
Will    .....        (no amulet) Stlth
                     (no ring)
HPRegen 0.32/turn    (no ring)
MPRegen 0.09/turn

%: no passive effects
@: berserking, very quick
A: horns 2, retaliatory headbutt
a: Renounce Religion, Berserk, Trog's Hand


You were on level 4 of the Dungeon.
You worshipped Trog.
Trog was pleased with you.
You visited 1 branch of the dungeon, and saw 4 of its levels.

You collected 208 gold pieces.

Inventory:

Hand Weapons
 m - a +1 hand axe of flaming (weapon)
Armour
 b - a +0 animal skin (worn)
 l - a +0 pair of gloves (worn)
Wands
 i - a wand of flame (13)
Scrolls
 a - a scroll of revelation {unknown}
 c - a scroll of noise {unknown}
 d - a scroll of blinking {unknown}
 j - a scroll of immolation {unknown}
 n - a scroll of poison {unknown}
 p - a scroll of vulnerability {unknown}
Potions
 e - 2 potions of brilliance {unknown}
 f - 4 potions of curing {unknown}
 g - a potion of degeneration {unknown}
 h - a potion of magic {unknown}
 k - a potion of lignification {unknown}
 o - a potion of mutation {unknown}


   Skills:
 + Level 5.4 Fighting
 + Level 5.4 Axes
 + Level 2.8 Armour
 + Level 4.0 Dodging
 + Level 0.4 Stealth


You had 4 spell levels left.
You didn't know any spells.
Your spell library was empty.

Dungeon Overview and Level Annotations

Branches:
Dungeon (4/15)
 Temple: D:4-7

Altars:

Shops:
D:2 ?   D:3 *

Annotations:
D:4 Pikel


Innate Abilities, Weirdness & Mutations

You have a pair of horns on your head.
You reflexively headbutt those who attack you in melee.


Message History

Pikel barely misses you.
You hit Pikel. You burn Pikel.
Pikel is moderately wounded.
A lemure comes into view.
Pikel says, "You'll make a fine lemure."
Pikel hits you with a +0 whip of flaming!
Pikel burns you.
You slash Pikel! You burn Pikel.
Pikel is severely wounded.
Pikel misses you.
A lemure comes into view.
You barely miss Pikel.
Pikel is severely wounded.
Pikel hits you with a +0 whip of flaming!
Pikel burns you.
You hit Pikel but do no damage.
Pikel is severely wounded.
Pikel barely misses you.
You closely miss Pikel.
Pikel is severely wounded.
A lemure comes into view.
Pikel hits you with a +0 whip of flaming!
Pikel burns you.
* * * LOW HITPOINT WARNING * * *
A red film seems to cover your vision as you go berserk!
You feel yourself moving faster!
You feel mighty!
The lemure shouts!
The lemure hits you.
* * * LOW HITPOINT WARNING * * *
Pikel hits you with a +0 whip of flaming.
* * * LOW HITPOINT WARNING * * *
Pikel burns you.
* * * LOW HITPOINT WARNING * * *
You completely miss Pikel. Your headbutt misses Pikel.
Pikel is severely wounded.
You barely miss the lemure. The lemure closely misses you.
Pikel says, "You'll make a fine lemure."
Pikel hits you with a +0 whip of flaming!
You die...
Pikel says, "See you in Hell!"

#. .... . #.####..#
. ....#..##< .
........
#.##.#...####
#......55...#
#...K5...#
#.##...@....#
............# #.
(...#.......# #.
#.#....)....# #. #
#.#..)....# #.#
#.####.#######.# #
#.........##.#####.#
#.##.####.##.......#
# #.#.......<#


You could see Pikel and 3 lemures.

Vanquished Creatures
  A bombardier beetle (D:3)
  A hound (D:4)
  Natasha (thrice) (D:2)
  4 adders
  3 dart slugs
  7 orcs
  4 bats
  4 endoplasms
  5 giant cockroaches
  4 goblins
  6 hobgoblins
  2 jackals (D:3)
  6 kobolds
  2 quokkas
  2 ball pythons
  2 frilled lizards (D:2)
  4 rats
60 creatures vanquished.

Notes
Turn   | Place    | Note
-------+----------+-------------------------------------------
     0 | D:1      | Curundu the Minotaur Berserker began the quest for the Orb.
     0 | D:1      | Reached XP level 1. HP: 19/19 MP: 0/0
   280 | D:1      | Reached XP level 2. HP: 25/27 MP: 1/1
   818 | D:2      | Found Jiocin's Magic Scroll Emporium.
   866 | D:2      | Reached XP level 3. HP: 33/33 MP: 2/2
   867 | D:2      | Noticed Natasha
   874 | D:2      | Killed Natasha
   874 | D:2      | Reached ** piety under Trog
  1320 | D:2      | Reached XP level 4. HP: 41/41 MP: 3/3
  1413 | D:2      | Noticed Natasha
  1421 | D:2      | Killed Natasha
  1447 | D:2      | Noticed Natasha
  1451 | D:2      | Killed Natasha
  1681 | D:3      | Reached skill level 5 in Fighting
  1685 | D:3      | Reached XP level 5. HP: 48/48 MP: 4/4
  1730 | D:3      | Reached skill level 5 in Axes
  1989 | D:3      | Found a faded altar of an unknown god.
  2105 | D:3      | Identified the +1 ring mail of Slovenliness {rElec Will-
                  | Dex+5 Stlth+}
  2161 | D:3      | Found Umiuqek's General Store.
  2505 | D:4      | Noticed Pikel
  2508 | D:4      | Noticed a lemure
  2510 | D:4      | Noticed a lemure
  2511 | D:4      | Noticed a lemure
  2514 | D:4      | Noticed a lemure
  2516 | D:4      | Slain by Pikel

Illustrated notes

Levels and vault maps discovered:
D:1:      grunt_arrival_crossed_arrows, layout_basic
D:2:      layout_basic, serial_shops, nicolae_shop_advertising_works
          [nicolae_subvault_shop_adworks], uniq_natasha
D:3:      layout_basic, serial_shops, nicolae_shop_window_shopping,
          dilly_ecumenical_altar_fadedgnrine, chequers_serial_rivers_micro_c
D:4:      layout_loops_cross, minmay_temple_entry_fiery,
          kennysheep_generic_room_7, uniq_pikel, uniq_blork_the_orc

Skill      XL: |  1  2  3  4  5 |
---------------+----------------+-----
Fighting       | 4 5 |  5.4
Axes           | 4 5 |  5.4
Dodging        | 3 4 |  4.0
Armour         | |  2.8
Stealth        | |  0.4

Action                     |  1- 3 |  4- 6 || total
---------------------------+-------+-------++-------
  Melee: Hand axe          |    73 |    58 ||   131
         Headbutt          |    13 |     9 ||    22
 Invoke: Trog's Hand       |       |     1 ||     1
         Berserk           |       |     1 ||     1
 Armour: Animal skin       |    53 |    36 ||    89
  Dodge: Dodged            |    63 |    36 ||    99
